 Dungeon Crawl Stone Soup version 0.28.0-45-g0d030f2227 (webtiles) character file.

Game seed: 11326463374719218936

1125 101zpm the Cudgeller (level 8, -6/49 HPs)
             Began as a Gargoyle Fighter on Apr 9, 2022.
             Mangled by an ogre
             ... wielding a +0 giant spiked club
              (10 damage)
             ... on level 5 of the Dungeon.
             The game lasted 00:05:56 (5417 turns).

101zpm the Cudgeller (Gargoyle Fighter)             Turns: 5417, Time: 00:05:57

Health: -6/49      AC: 12    Str: 21    XL:     8   Next: 35%
Magic:  8/8        EV: 11    Int: 10    God:
Gold:   289        SH:  4    Dex:  9    Spells: 7/7 levels left

rFire   . . .      SeeInvis .   a - +0 flail
rCold   . . .      Faith    .   c - +0 buckler
rNeg    + . .      Spirit   .   l - +1 ring mail {Will+}
rPois   ∞          Reflect  .   (no helmet)
rElec   +          Harm     .   (no cloak)
rCorr   .          Rampage  .   (no gloves)
Will    +....                   (no boots)
Stlth   +.........              (no amulet)
HPRegen 0.16/turn               (no ring)
MPRegen 0.11/turn               (no ring)

@: no status effects
A: sickness immunity, AC +5, negative energy resistance 1, electricity
resistance, torment resistance 1, petrification resistance
a: no special abilities


You were on level 5 of the Dungeon.
You visited 1 branch of the dungeon, and saw 5 of its levels.

You collected 289 gold pieces.

Inventory:

Hand Weapons
 a - a +0 flail (weapon)
Armour
 b - a +0 scale mail
 c - a +0 buckler (worn)
 l - a +1 ring mail of willpower (worn)
Jewellery
 j - an amulet of magic regeneration
 s - a ring of magical power
Wands
 q - a wand of flame (8)
Scrolls
 d - a scroll of enchant weapon
 e - a scroll of fog
 g - a scroll of blinking
 o - 3 scrolls of immolation
 p - 2 scrolls of teleportation
 r - a scroll of brand weapon
 t - a scroll of fear {unknown}
 v - a scroll of identify
Potions
 f - a potion of degeneration {unknown}
 h - a potion of mutation {unknown}
 i - a potion of lignification {unknown}
 k - a potion of berserk rage {unknown}
 m - 3 potions of curing {unknown}
 n - 2 potions of heal wounds {unknown}
 u - a potion of ambrosia {unknown}


   Skills:
 + Level 5.1 Fighting
 + Level 6.7 Maces & Flails
 + Level 5.4 Armour
 + Level 2.6 Dodging
 + Level 1.3 Stealth
 + Level 4.4 Shields


You had 7 spell levels left.
You didn't know any spells.
Your spell library contained the following spells:

 Spells                   Type           Power      Damage    Failure   Level
 Ozocubu's Armour         Ice            0%         N/A       93%         3
 Metabolic Englaciation   Hex/Ice        0%         N/A       100%        5
 Simulacrum               Ice/Necr       0%         N/A       100%        6


Dungeon Overview and Level Annotations

Branches:
Dungeon (5/15)             Temple (0/1) D:5

Altars:
Kikubaaqudgha
Qazlal
Vehumet
Yredelemnul

Shops:
D:3 [   D:4 (

Annotations:
D:3 3 runed translucent doors, Omnilove's ghost, amateur MiBe


Innate Abilities, Weirdness & Mutations

You are immune to sickness and miasma.
Your stone body is resilient. (AC +5)
You are immune to poison.
You resist negative energy. (rN+)
You are resistant to electric shocks. (rElec)
You are resistant to unholy torment.
You are immune to petrification.


Message History

The ogre shouts!
An ogre is nearby!
You see here a ring of wizardry.
The ogre hits you with a +0 giant spiked club!!
Ouch! That really hurt!
You are too injured to fight recklessly!
You are too injured to fight recklessly!
You are too injured to fight recklessly!
You are too injured to fight recklessly!
You are too injured to fight recklessly!
You are too injured to fight recklessly!
You are too injured to fight recklessly!
You are too injured to fight recklessly!
You are too injured to fight recklessly!
You are too injured to fight recklessly!
You are too injured to fight recklessly!
You are too injured to fight recklessly!
You are too injured to fight recklessly!
You are too injured to fight recklessly!
You are too injured to fight recklessly!
You are too injured to fight recklessly!
You are too injured to fight recklessly!
You are too injured to fight recklessly!
You are too injured to fight recklessly!
You are too injured to fight recklessly!
You are too injured to fight recklessly!
You are too injured to fight recklessly!
You sock the ogre!
The ogre is heavily wounded.
You barely miss the ogre.
The ogre is heavily wounded.
The ogre misses you.
You hit the ogre but do no damage.
The ogre is heavily wounded.
The ogre hits you with a +0 giant spiked club!!
* * * LOW HITPOINT WARNING * * *
You barely miss the ogre.
The ogre is heavily wounded.
The ogre hits you with a +0 giant spiked club!
You die...

..# #.####.#
#.######.####.####
.................#
#.####...####.##.# #.#
#.....###.##.# ..#
##........##.# .##
##.########.# ## #.# #O#
# #.# #####@### ##'##
#.......# #
##..(###.###=#.# #
##.....##.##8.#.## #
##.......#.##>....#
###..........##8....#####
..+......................
###.................#####
# ##.......###.##.....#


You could see an ogre.

Vanquished Creatures
  A sky beast (D:4)
  An orc warrior (D:4)
  2 necrophages (D:4)
  2 phantoms
  A water moccasin zombie (D:4)
  A wight (D:4)
  2 bullfrog zombies
  A human zombie (D:4)
  2 hounds
  A bullfrog skeleton (D:5)
  A jelly (D:4)
  Jessica (D:2)
  Ijyb (D:3)
  2 scorpion zombies
  2 hound zombies (D:4)
  A mummy (D:4)
  A howler monkey zombie (D:4)
  5 adders
  A white imp (D:5)
  3 adder zombies
  3 worms
  3 dart slugs
  3 orcs
  9 ball pythons
  6 endoplasms
  4 giant cockroaches
  6 goblins
  4 hobgoblins
  4 kobolds
  6 quokkas
  6 bats
  5 frilled lizards
  A quokka zombie (D:4)
  3 rats
95 creatures vanquished.

Vanquished Creatures (others)
  A fungus (D:1)
1 creature vanquished.

Grand Total: 96 creatures vanquished

Notes
Turn   | Place    | Note
-------+----------+-------------------------------------------
     0 | D:1      | 101zpm the Gargoyle Fighter began the quest for the Orb.
     0 | D:1      | Reached XP level 1. HP: 14/14 MP: 1/1
    33 | D:1      | Reached XP level 2. HP: 16/19 MP: 2/2
   441 | D:2      | Reached XP level 3. HP: 23/23 MP: 3/3
   838 | D:2      | Found a faded altar of an unknown god.
   953 | D:2      | Noticed Jessica
   963 | D:2      | Killed Jessica
   964 | D:2      | Reached skill level 3 in Maces & Flails
   964 | D:2      | Reached XP level 4. HP: 21/29 MP: 4/4
  2194 | D:3      | Found Wyorom's Armour Boutique.
  2209 | D:3      | Found a stormy altar of Qazlal.
  2301 | D:3      | Reached skill level 1 in Dodging
  2301 | D:3      | Reached XP level 5. HP: 14/33 MP: 5/5
  2482 | D:3      | Found a radiant altar of Vehumet.
  2732 | D:3      | Noticed Ijyb
  2744 | D:3      | Killed Ijyb
  3315 | D:3      | Found a runed translucent gate.
  3315 | D:3      | Found a runed translucent gate.
  3315 | D:3      | Found a runed translucent gate.
  3315 | D:3      | Noticed Omnilove's ghost (amateur MiBe)
  3331 | D:3      | Reached skill level 4 in Maces & Flails
  3382 | D:3      | Found a basalt altar of Yredelemnul.
  3573 | D:4      | Noticed a necrophage
  3585 | D:4      | Killed a necrophage
  3586 | D:4      | Reached XP level 6. HP: 24/39 MP: 6/6
  3958 | D:4      | Found Riogetso's Weapon Shop.
  3967 | D:4      | Noticed an orc warrior
  3989 | D:4      | Killed an orc warrior
  3990 | D:4      | Reached skill level 1 in Stealth
  3990 | D:4      | Reached XP level 7. HP: 23/44 MP: 7/7
  4199 | D:4      | Reached skill level 5 in Maces & Flails
  4199 | D:4      | Reached skill level 5 in Armour
  4687 | D:4      | Reached skill level 6 in Maces & Flails
  4697 | D:4      | Reached XP level 8. HP: 48/48 MP: 8/8
  4697 | D:4      | Found an ancient bone altar of Kikubaaqudgha.
  4882 | D:4      | Reached skill level 5 in Fighting
  5169 | D:5      | Entered Level 5 of the Dungeon
  5383 | D:5      | Found a staircase to the Ecumenical Temple.
  5417 | D:5      | Mangled by an ogre

Illustrated notes

Levels and vault maps discovered:
D:1:      scummos_arrival_checkerplants, layout_basic
D:2:      layout_rooms, nicolae_ecumenical_snake_handling,
          chequers_decorated_corner, minmay_between, uniq_jessica
D:3:      layout_basic, amcnicky_altar_gilded, nicolae_qazlal_general_emergency,
          nicolae_yredelemnul_ghost_church, serial_shops,
          nicolae_shop_advertising_works [nicolae_subvault_shop_adworks],
          hangedman_feature_mirror, uniq_ijyb
D:4:      layout_basic, lemuel_mausoleum_altar_kikubaaqudgha, serial_shops,
          nicolae_take_the_stairs
D:5:      layout_loops_corners, temple_statues

Skill      XL: |  1  2  3  4  5  6  7  8 |
---------------+-------------------------+-----
Maces & Flails | 3 4 6 |  6.7
Armour         | 4 5 |  5.4
Fighting       | 4 5 |  5.1
Dodging        | 1 2 |  2.6
Shields        | 4 |  4.4
Stealth        | 1 |  1.3

Action                   |  1- 3 |  4- 6 |  7- 9 || total
-------------------------+-------+-------+-------++-------
Melee: Flail             |   106 |   174 |   212 ||   492
  Use: Potion            |       |     1 |       ||     1
       Scroll            |       |       |     6 ||     6
Armor: Scale mail        |    92 |     8 |       ||   100
       Ring mail         |       |    82 |   108 ||   190
Dodge: Dodged            |    69 |    88 |   104 ||   261
Block: Buckler           |    26 |    31 |    40 ||    97
